 Dungeon Crawl Stone Soup version 0.19.1 (webtiles) character file.

484 dvd the Stinger (level 7, -6/43 HPs)
             Began as an Octopode Venom Mage on Dec 16, 2016.
             Hit by a tomahawk thrown by an orc warrior (18 damage)
             ... on level 3 of the Dungeon.
             The game lasted 00:09:11 (3514 turns).

dvd the Stinger (Octopode Venom Mage)               Turns: 3514, Time: 00:09:12

Health: -6/43      AC:  1    Str:  7    XL:     7   Next: 12%
Magic:  1/12       EV: 14    Int: 19    God:
Gold:   169        SH:  0    Dex: 15    Spells: 2 memorised, 8 levels left

rFire  . . .     SeeInvis .     u - +0 dagger (protect)
rCold  . . .     Gourm    .     (no shield)
rNeg   . . .     Faith    .     (helmet restricted)
rPois  .         Spirit   .     (no amulet)
rElec  .         Reflect  .     (no ring)
rCorr  .         Harm     .     (no ring)
MR     .....                    (no ring)
Stlth  ++++......               (no ring)
                                (no ring)
                                (no ring)
                                (no ring)
                                (no ring)

@: no status effects
A: almost no armour, stealthy swim, amphibious, 8 rings, constrict 8, camouflage
1, agile 1, gelatinous body 1
a: no special abilities


You were on level 3 of the Dungeon.
You were hungry.

You visited 1 branch of the dungeon, and saw 4 of its levels.

You collected 169 gold pieces.

Inventory:

Hand Weapons
 o - a +0 short sword
 u - a +0 dagger of protection (weapon)
Scrolls
 f - 2 scrolls of remove curse {unknown}
 g - a scroll of amnesia {unknown}
 h - 6 scrolls of identify {unknown}
 k - 2 scrolls of noise {unknown}
 l - 3 scrolls of teleportation {unknown}
 p - 2 scrolls of immolation {unknown}
 q - 2 scrolls of recharging {unknown}
 s - a scroll of blinking {unknown}
 w - a scroll of fog {unknown}
 y - a scroll of enchant weapon {unknown}
Potions
 c - a potion of haste {unknown}
 d - 2 potions of brilliance {unknown}
 j - a potion of mutation {unknown}
 m - a potion of heal wounds {unknown}
 n - a potion of lignification {unknown}
 r - a potion of curing
 v - a potion of agility {unknown}
 x - a potion of cure mutation {unknown}
 z - a potion of magic {unknown}
Books
 a - a Young Poisoner's Handbook

   Spells                             Type                      Level
   a - Sting                          Conjuration/Poison           1
   b - Mephitic Cloud                 Conjuration/Poison/Air       3
   c - Olgreb's Toxic Radiance        Poison                       4
   d - Alistair's Intoxication        Transmutation/Poison         5
   e - Venom Bolt                     Conjuration/Poison           5
 t - a book of Geomancy

   Spells                             Type                      Level
   a - Sandblast                      Earth                        1
   b - Passwall                       Transmutation/Earth          2
   c - Stone Arrow                    Conjuration/Earth            3
   d - Petrify                        Transmutation/Earth          4
   e - Lee's Rapid Deconstruction     Earth                        5
Comestibles
 b - 5 bread rations
 i - a beef jerky
 A - 3 chunks of flesh
 B - a slice of pizza


   Skills:
 + Level 1.1 Fighting
 + Level 0.4 Short Blades
 + Level 3.3 Dodging
 + Level 5.2 Stealth
 - Level 0.2 Unarmed Combat
 + Level 3.6 Spellcasting
 + Level 2.3 Conjurations
 + Level 6.4 Poison Magic


You had 8 spell levels left.
You knew the following spells:

 Your Spells              Type           Power        Failure   Level  Hunger
a - Sting                 Conj/Pois      ###.         2%          1    None
b - Olgreb's Toxic Radia  Pois           ####....     12%         4    ####...


Dungeon Overview and Level Annotations

Branches:
Dungeon (4/15)
 Temple: D:4-7

Altars:
Elyvilon
Gozag
Nemelex Xobeh
Okawaru
Uskayaw

Annotations:
D:3 Philosophy's ghost, amateur FoFi


Innate Abilities, Weirdness & Mutations

You cannot wear most types of armour.
You are very stealthy in the water. (Stealth+)
You are amphibious.
You can wear up to eight rings at the same time.
You can use your tentacles to constrict eight enemies at once.
Your skin changes colour to match your surroundings (Stealth+).
Your rubbery body absorbs attacks. (AC +1, EV +1)
You are agile. (Dex +2)


Message History

The sting hits the orc priest.
The orc priest is severely wounded.
The orc priest hits you but does no damage.
Unknown command.
You completely miss the orc priest. You grab the orc priest.
The orc priest is severely wounded.
You constrict the orc priest. The orc priest misses you.
You hit the orc priest but do no damage.
Your weapon exudes an aura of protection.
The orc priest is almost dead.
You constrict the orc priest.
You kill the orc priest!
The orc warrior throws a tomahawk.
The tomahawk hits you.
* * * LOW HITPOINT WARNING * * *
Some of the chunks of flesh in your inventory have rotted away.
Your magical contamination has completely faded away.
The orc warrior throws a tomahawk.
The tomahawk barely misses you.
The orc warrior throws a tomahawk.
The tomahawk misses you.
The orc warrior throws a tomahawk.
The tomahawk hits you!!
You die...

##.รท......# #.######.#
##........####.# #.#
..........'>##.# #.#
..........####.# #.#
..........# #.# #.#
..........# #.# #.#
##........# #.######.###
#........####.#(.......#
#######.......#@########
#########.# ..# #.#
..########.# #.#
.....o.....# #.#
.....####..# #o# ...
#..# #o# . #..# #.# #..#
#.#


You could see an orc warrior and an orc.

Vanquished Creatures
  7 orc priests
  2 hounds (D:4)
  An orc wizard (D:4)
  Jessica (D:3)
  An iguana (D:4)
  6 adders
  A howler monkey skeleton (D:4)
  An adder skeleton (D:4)
  A worm (D:2)
  3 leopard geckos
  8 orcs
  10 bats
  2 giant cockroaches (D:3)
  4 goblins
  6 hobgoblins
  A quokka (D:3)
  7 frilled lizards
  A jackal skeleton (D:4)
  6 kobolds
  8 rats
77 creatures vanquished.

Notes
Turn   | Place    | Note
-------+----------+-------------------------------------------
     0 | D:1      | dvd the Octopode Venom Mage began the quest for the Orb.
     0 | D:1      | Reached XP level 1. HP: 11/11 MP: 3/3
    47 | D:1      | Reached skill level 5 in Poison Magic
   175 | D:1      | Reached XP level 2. HP: 17/17 MP: 5/5
   869 | D:2      | Reached XP level 3. HP: 21/21 MP: 1/6
  1382 | D:2      | Reached XP level 4. HP: 19/27 MP: 0/7
  1388 | D:2      | Learned a level 4 spell: Olgreb's Toxic Radiance
  1604 | D:2      | Found a hide-covered altar of Uskayaw.
  1607 | D:2      | Found a sparkling altar of Nemelex Xobeh.
  1609 | D:2      | Found an iron altar of Okawaru.
  2001 | D:3      | Noticed Jessica
  2051 | D:3      | Killed Jessica
  2076 | D:3      | Noticed Philosophy's ghost (amateur FoFi)
  2136 | D:2      | Found a white marble altar of Elyvilon.
  2136 | D:2      | Found an opulent altar of Gozag.
  2335 | D:4      | Reached skill level 1 in Conjurations
  2335 | D:4      | Reached XP level 5. HP: 31/31 MP: 7/9
  2751 | D:4      | Reached skill level 1 in Fighting
  2980 | D:4      | Reached XP level 6. HP: 38/38 MP: 5/10
  2984 | D:4      | Reached skill level 6 in Poison Magic
  2987 | D:4      | Reached skill level 5 in Stealth
  3468 | D:3      | Noticed an orc warrior
  3473 | D:3      | Reached XP level 7. HP: 43/43 MP: 0/12
  3498 | D:3      | Gained mutation: You are agile. (Dex +2) [potion of beneficial mutation]
  3514 | D:3      | Hit by a tomahawk thrown by an orc warrior

Skill      XL: |  1  2  3  4  5  6 |
---------------+-------------------+-----
Poison Magic   | 5 6 |  6.4
Stealth        | 3 4 5 |  5.2
Conjurations   | 1 2 |  2.3
Fighting       | 1 |  1.1
Spellcasting   | 3 |  3.6
Dodging        | 3 |  3.3
Short Blades   | |  0.4
Unarmed Combat | |  0.2

Action                   |  1- 3 |  4- 6 |  7- 9 || total
-------------------------+-------+-------+-------++-------
Melee: Unarmed           |    49 |    15 |       ||    64
       Tentacles         |     9 |    11 |       ||    20
       Constrict         |    13 |    18 |     1 ||    32
       Short sword       |       |    42 |       ||    42
       Dagger            |       |    16 |     5 ||    21
 Cast: Sting             |    34 |    38 |     5 ||    77
       Olgreb's Toxic Ra |       |     7 |       ||     7
  Use: Potion            |       |       |     3 ||     3
 Stab: Sleeping          |    14 |     8 |       ||    22
  Eat: Chunk             |     2 |     6 |       ||     8
       Beef jerky        |       |     1 |       ||     1
Armor: Skin              |     3 |     8 |       ||    11
Dodge: Dodged            |    22 |    62 |     6 ||    90
